 Dungeon Crawl Stone Soup version 0.31-a0-702-gf82c85558f (webtiles) character file.

Game seed: 2984109378455666448

11 qw the Shooter (level 2, 0/17 HPs)
             Began as a Gargoyle Hunter on Sept 7, 2023.
             Slain by Terence
             ... wielding a +0 flail
              (9 damage)
             ... on level 2 of the Dungeon.
             The game lasted 00:00:13 (567 turns).

qw the Shooter (Gargoyle Hunter)                     Turns: 567, Time: 00:00:14

Health: 0/17       AC:  6    Str: 14    XL:     2   Next: 29%
Magic:  2/2        EV: 11    Int:  9    God:
Gold:   47         SH:  0    Dex: 13    Spells: 1/1 levels left

rFire   . . .        Y - +0 shortbow
rCold   . . .        (shield currently unavailable)
rNeg    + . .        c - +0 leather armour
rPois   inf          d - +0 helmet
rElec   +            (no cloak)
rCorr   .            (no gloves)
SInv    .            (no boots)
Will    .....        (no amulet)
Stlth   +            (no ring)
HPRegen 0.22/turn    (no ring)
MPRegen 0.08/turn

%: no passive effects
@: no status effects
A: sickness immunity, AC +2, negative energy resistance 1, electricity
resistance, torment resistance 1, petrification resistance
a: no special abilities


You were on level 2 of the Dungeon.
You visited 1 branch of the dungeon, and saw 2 of its levels.

You collected 47 gold pieces.


Innate Abilities, Weirdness & Mutations

You are immune to sickness and miasma.
Your stone body is resilient. (AC +2)
You are immune to poison.
You resist negative energy. (rN+)
You are resistant to electric shocks. (rElec)
You are resistant to unholy torment.
You are immune to petrification.


   Skills:
 - Level 2.1 Fighting
 + Level 4.5 Ranged Weapons
 - Level 1.5 Dodging
 - Level 1.1 Stealth


You had one spell level left.
You didn't know any spells.
Your spell library was empty.

Inventory:

Hand Weapons
 Y - a +0 shortbow (weapon)
Armour
 c - a +0 leather armour (worn)
 d - a +0 helmet (worn)
Scrolls
 a - a scroll of identify
Potions
 h - a potion of might

Dungeon Overview and Level Annotations

Branches:
Dungeon (2/15)

Altars:

Annotations:
D:2 Terence


Message History

You drop a potion of degeneration.
Done exploring.
553 ||| DROPPING potion of attraction.
You drop a potion of attraction.
Done exploring.
What level of the Dungeon? (default 1, ? - help)
There is a stone staircase leading down here.
You climb downwards.
There is a stone staircase leading up here.
Waypoint 1 assigned to D:2.
Terence the Incautious comes into view.
He is wielding a +0 flail.
You shoot an arrow.
The arrow hits Terence but does no damage.
Terence shouts!
You shoot an arrow. The arrow hits Terence.
Terence is lightly wounded.
Terence barely misses you.
You shoot an arrow. The arrow hits Terence.
Terence is lightly wounded.
Terence hits you with a +0 flail.
You shoot an arrow.
The arrow hits Terence but does no damage.
Terence is lightly wounded.
Terence hits you but does no damage.
You shoot an arrow.
The arrow hits Terence but does no damage.
Terence is lightly wounded.
Terence barely misses you.
You shoot an arrow. The arrow barely misses Terence.
Terence barely misses you. Terence closely misses you.
You shoot an arrow. The arrow hits Terence.
Terence is lightly wounded.
Terence hits you with a +0 flail.
You shoot an arrow. The arrow closely misses Terence.
Terence hits you with a +0 flail.
You shoot an arrow. The arrow barely misses Terence.
Terence misses you.
You shoot an arrow. The arrow barely misses Terence.
Terence hits you with a +0 flail. Terence hits you with a +0 flail!
Ouch! That really hurt!
You die...

####
#..#
#..#
#.<#
##@#
#..@.#
######


You could see Terence.

Vanquished Creatures
  A bat (D:1)
  An endoplasm (D:1)
  A giant cockroach (D:1)
  A goblin (D:1)
  A hobgoblin (D:1)
  A quokka (D:1)
  2 ball pythons (D:1)
  A frilled lizard (D:1)
  2 rats (D:1)
11 creatures vanquished.

Notes
Turn   | Place    | Note
-------+----------+-------------------------------------------
     0 | D:1      | qw the Gargoyle Hunter began the quest for the Orb.
     0 | D:1      | Reached XP level 1. HP: 12/12 MP: 1/1
     0 | D:1      | 0 ||| qw: Version: 0.3-a-76-g4403597
     0 | D:1      | 0 ||| qw: Game counter: 849
     0 | D:1      | 0 ||| qw: Melee chars always use a shield: true
     0 | D:1      | 0 ||| qw: God list: Okawaru
     0 | D:1      | 0 ||| qw: Allow faded altars: false
     0 | D:1      | 0 ||| qw: Do Orc after clearing Dungeon:15 true
     0 | D:1      | 0 ||| qw: Do second Lair branch before Depths: true
     0 | D:1      | 0 ||| qw: Lair rune preference: random
     0 | D:1      | 0 ||| qw: Goals: Normal
     0 | D:1      | 0 ||| PLANNING D:1-11
   258 | D:1      | Reached XP level 2. HP: 17/17 MP: 2/2
   443 | D:1      | Found a faded altar of an unknown god.
   537 | D:1      | 537 ||| UPGRADING to +0 helmet.
   542 | D:1      | 542 ||| READING 5 scrolls labelled VAIF UMPABRO.
   543 | D:1      | 543 ||| READING scroll labelled TAUFOQ CYGROL.
   548 | D:1      | 548 ||| READING 4 scrolls of identify.
   548 | D:1      | 548 ||| IDENTIFYING black potion
   549 | D:1      | 549 ||| READING 3 scrolls of identify.
   549 | D:1      | 549 ||| IDENTIFYING green potion
   550 | D:1      | 550 ||| READING 2 scrolls of identify.
   550 | D:1      | 550 ||| IDENTIFYING fuming clear potion
   551 | D:1      | 551 ||| DROPPING scroll of butterflies.
   552 | D:1      | 552 ||| DROPPING potion of degeneration.
   553 | D:1      | 553 ||| DROPPING potion of attraction.
   557 | D:2      | Noticed Terence
   567 | D:2      | Slain by Terence

Levels and vault maps discovered:
D:1:      lightli_arrival_chessboard, layout_loops_ring,
          shapermc_ecumenical_altar_petra, minmay_domino_2
D:2:      layout_basic, serial_shops, nicolae_shop_overgrown_old_shop, shop,
          nicolae_book_shop_shelving, minmay_distorted, uniq_terence,
          uniq_jessica

Action                     || total
---------------------------++-------
   Fire: Shortbow          ||    43
    Use: Scroll            ||     5
 Armour: Leather armour    ||    14
  Dodge: Dodged            ||    11

Table legend:
 A = Non-vault XP
 B = Vault XP
 C = Vault XP percentage of total XP
 D = Non-vault monster count
 E = Vault monster count
 F = Vault count percentage of total count
                 A         B        C        D         E       F
            +---------+---------+-------+---------+---------+-------
      Total |      13 |       4 |  23.5 |       9 |       2 |  18.2
            +---------+---------+-------+---------+---------+-------
        D:1 |      13 |       4 |  23.5 |       9 |       2 |  18.2
            +---------+---------+-------+---------+---------+-------
